AoeStats
← Erickinio

Black Forest

510421563Analyzed
4v4 RM · 17h ago on Sep 30, 2026· 52m 28s· 8 players
Game mode
Random Map
Map size
Large (8 player)
Population
200
Speed
Normal
Resources
Standard
Victory
Conquest
Starting age
Dark Age
Ending age
Imperial Age
RankedLock teamsTeams togetherTeam positionsShared explorationLock speedFull tech treeHidden civsTurbo modeCheats
Victory
Defeat
🇪🇨 Malay · Ecuador
1021
+16
🇦🇲 Aztecs · Armenia
1020
+16
🇫🇷 Danes · France
997
+17
🇨🇴 Goths · Colombia
960
+19
🇨🇱 Malay · Chile
1104
-19
🇦🇷 Celts · Argentina
1022
-17
🇨🇱 Koreans · Chile
1020
-17
🇮🇳 Ethiopians · India
962
-15
Triceratops
3:13 Loom
13:15 Feudal Age
16:45 Castle Age
16:12 Scale Mail Armor
16:24 Forging
16:46 Arson
17:15 Horse Collar
17:21 Double-Bit Axe
17:30 Gambesons
17:47 Squires
29:52 Wheelbarrow
29:19 Heavy Plow
29:31 Bow Saw
30:20 Gold Mining
30:30 Stone Mining
31:14 Man-at-Arms
35:37 Imperial Age
34:30 Iron Casting
34:10 Chain Mail Armor
33:36 Long Swordsman
34:13 Fletching
34:24 Padded Archer Armor
36:53 Caravan
37:38 Hand Cart
37:41 Heavy Scorpion
37:44 Onager
37:45 Capped Ram
38:55 Elite Jomsviking
39:07 Two-Handed Swordsman
40:25 Bodkin Arrow
40:45 Leather Archer Armor
41:17 Hamask
43:33 Ballistics
43:20 Siege Engineers
44:16 Chemistry
43:13 Murder Holes
43:28 Masonry
43:18 Elite Varangian Guard
44:34 Siege Ram
45:42 Conscription
45:58 Hoardings
46:28 Plate Mail Armor
46:59 Blast Furnace
46:00 Bracer
46:16 Leather Archer Armor
46:12 Elite Varangian Guard
46:13 Champion
46:19 Pikeman
47:41 Scale Barding Armor
48:32 Halberdier
51:51 Siege Onager
ForlornBirch96
5:03 Loom
11:27 Feudal Age
16:25 Castle Age
22:25 Horse Collar
22:33 Double-Bit Axe
23:19 Heavy Plow
24:33 Wheelbarrow
27:08 Bow Saw
27:22 Hand Cart
28:20 Town Watch
31:24 Imperial Age
29:13 Anarchy
29:17 Scale Mail Armor
29:28 Forging
30:59 Town Patrol
30:54 Gold Mining
30:55 Stone Mining
31:23 Chain Mail Armor
31:44 Iron Casting
32:24 Perfusion
31:46 Elite Huskarl
32:47 Conscription
32:27 Fletching
33:19 Crop Rotation
34:34 Blast Furnace
34:10 Squires
33:33 Pikeman
34:15 Halberdier
48:57 Two-Man Saw
g.mag
0:45 Loom
15:57 Feudal Age
16:59 Fishing Lines
26:15 Castle Age
24:15 Double-Bit Axe
28:57 Gillnets
29:05 Gillnets
30:01 Forging
29:52 Scale Mail Armor
31:23 Bow Saw
30:57 Horse Collar
31:10 Gold Mining
31:10 Stone Mining
36:13 Imperial Age
37:41 Elite Jaguar Warrior
39:29 Garland Wars
39:10 Atlatl
39:19 Elite Skirmisher
45:15 Fletching
48:10 Bodkin Arrow
48:16 Padded Archer Armor
Al3tas0
0:29 Loom
13:54 Feudal Age
19:08 Castle Age
16:56 Fishing Lines
17:04 Double-Bit Axe
18:26 Wheelbarrow
18:37 Horse Collar
20:05 Gillnets
22:03 Stone Mining
22:04 Gold Mining
23:29 Bow Saw
25:34 Hand Cart
30:14 Imperial Age
28:40 Heavy Plow
28:54 Forging
28:35 Fletching
28:47 Crossbowman
30:16 Conscription
30:01 Bodkin Arrow
31:11 Chemistry
30:32 Thumb Ring
30:51 Caravan
31:57 Bracer
32:33 Iron Casting
32:11 Arbalester
36:38 Blast Furnace
36:10 Crop Rotation
36:09 Ballistics
35:51 Padded Archer Armor
39:02 Leather Archer Armor
45:53 Light Cavalry
46:34 Husbandry
46:41 Scale Barding Armor
48:27 Elite Battle Elephant
53:28 Ring Archer Armor
darkhorse
11:06 Feudal Age
14:55 Castle Age
13:23 Double-Bit Axe
13:59 Horse Collar
16:02 Bow Saw
16:47 Heavy Plow
18:27 Loom
20:15 Wheelbarrow
20:51 Stone Mining
21:47 Gold Mining
22:12 Town Watch
22:55 Hand Cart
24:15 Gold Shaft Mining
24:17 Stone Shaft Mining
25:58 Fletching
26:38 Padded Archer Armor
27:00 Ballistics
26:51 Masonry
26:38 Murder Holes
29:40 Imperial Age
27:31 Bodkin Arrow
29:01 Leather Archer Armor
31:30 Chemistry
30:45 Bracer
31:16 Ring Archer Armor
31:57 Conscription
32:17 Architecture
31:19 Crossbowman
32:06 Thumb Ring
32:29 Caravan
33:41 Siege Engineers
34:18 Forging
34:15 Scale Barding Armor
33:42 Arbalester
34:50 Guilds
35:49 Two-Man Saw
35:07 Town Patrol
35:11 Torsion Engines
37:02 Royal Heirs
37:44 Iron Casting
37:32 Chain Barding Armor
40:15 Coinage
43:15 Blast Furnace
49:37 Light Cavalry
50:19 Husbandry
50:15 Hussar
hianyzol
0:46 Loom
12:12 Feudal Age
13:27 Double-Bit Axe
13:43 Fishing Lines
20:25 Castle Age
18:10 Horse Collar
18:58 Gold Mining
19:54 Stone Mining
19:58 Fletching
22:33 Gold Shaft Mining
24:12 Wheelbarrow
28:21 Imperial Age
25:41 Town Watch
26:48 Hand Cart
26:51 Town Patrol
27:19 Ballistics
27:44 Stone Shaft Mining
28:29 Bow Saw
28:45 Bodkin Arrow
29:01 Scale Barding Armor
30:19 Bracer
31:25 Crossbowman
32:23 Elite Skirmisher
34:14 Chemistry
33:35 Masonry
34:41 Chain Barding Armor
34:18 Arbalester
37:04 Two-Man Saw
37:01 Thumb Ring
37:27 Arrowslits
43:59 Forging
EL PAJA
13:01 Feudal Age
12:46 Double-Bit Axe
22:09 Castle Age
20:56 Gold Mining
20:56 Stone Mining
25:11 Loom
26:02 Wheelbarrow
25:12 Town Watch
26:22 Fishing Lines
27:03 Gillnets
27:47 Squires
27:33 Arson
27:08 Man-at-Arms
30:23 Imperial Age
28:09 Hand Cart
27:54 Town Patrol
28:35 Forging
29:56 Iron Casting
28:46 Pikeman
32:45 Chemistry
31:21 Long Swordsman
33:32 Blast Furnace
32:50 Forced Levy
33:13 Conscription
32:33 Two-Handed Swordsman
33:02 Onager
49:37 Halberdier
Erickinio
1:02 Loom
12:20 Feudal Age
12:53 Double-Bit Axe
13:35 Arson
15:29 Forging
15:25 Man-at-Arms
16:41 Scale Mail Armor
23:06 Horse Collar
23:51 Gold Mining
23:52 Stone Mining
26:07 Wheelbarrow
29:23 Castle Age
31:06 Bow Saw
30:17 Pikeman
30:43 Gambesons
31:03 Long Swordsman
33:18 Iron Casting
33:23 Heavy Plow
37:26 Masonry
37:11 Murder Holes
38:09 Hand Cart
39:20 Chain Mail Armor
41:28 Caravan
42:57 Ballistics
44:10 Gold Shaft Mining
44:10 Stone Shaft Mining
47:03 Imperial Age
44:53 Stronghold
47:15 Town Watch
47:44 Fortified Wall
48:09 Conscription
48:02 Furor Celtica
47:25 Heavy Scorpion
49:08 Chemistry
48:14 Siege Engineers
48:28 Elite Woad Raider
50:47 Halberdier
50:49 Two-Handed Swordsman
52:31 Blast Furnace
52:02 Plate Mail Armor
Connection lost

Rejoining the realm…

Still unreachable

The connection could not be restored.

Session expired

The server has moved on; the page needs a fresh start.